 Dungeon Crawl Stone Soup version 0.28.0-43-g3370ac3207 (webtiles) character file.

Game seed: 5595435607810460544

12 cbfl8 the Sneak (level 2, 0/27 HPs)
             Began as a Minotaur Delver on Mar 24, 2022.
             Was an Initiate of Qazlal.
             Shot with an arrow by a centaur (7 damage)
             ... on level 4 of the Dungeon.
             The game lasted 00:01:11 (336 turns).

cbfl8 the Sneak (Minotaur Delver)                    Turns: 336, Time: 00:01:11

Health: 0/27       AC:  5    Str: 16    XL:     2   Next: 20%
Magic:  1/1        EV: 11    Int:  7    God:    Qazlal [......]
Gold:   60         SH:  0    Dex: 11    Spells: 1/1 levels left

rFire   . . .      SeeInvis .   a - +0 hand axe
rCold   . . .      Faith    .   (no shield)
rNeg    . . .      Spirit   .   h - +0 ring mail
rPois   .          Reflect  .   (helmet restricted)
rElec   .          Harm     .   (no cloak)
rCorr   .          Rampage  .   (no gloves)
Will    .....                   (no boots)
Stlth   ++........              (no amulet)
HPRegen 0.09/turn               (no ring)
MPRegen 0.07/turn               (no ring)

@: no status effects
A: horns 2, retaliatory headbutt
a: Renounce Religion


You were on level 4 of the Dungeon.
You worshipped Qazlal.
Qazlal was noncommittal.
You visited 1 branch of the dungeon, and saw 2 of its levels.

You collected 60 gold pieces.

Inventory:

Hand Weapons
 a - a +0 hand axe (weapon)
Missiles
 d - a throwing net (quivered)
Armour
 b - a +0 leather armour
 h - a +0 ring mail (worn)
Wands
 g - a wand of digging (3)
Scrolls
 c - a scroll of fog
 e - a scroll of fear
Potions
 f - a potion of haste


   Skills:
 + Level 3.7 Fighting
 + Level 2.4 Axes
 + Level 2.2 Dodging
 + Level 4.5 Stealth


You had one spell level left.
You didn't know any spells.
Your spell library was empty.

Dungeon Overview and Level Annotations

Branches:
Dungeon (5/15)
 Temple: D:4-7

Altars:
Qazlal


Innate Abilities, Weirdness & Mutations

You have a pair of horns on your head.
You reflexively headbutt those who attack you in melee.


Message History

You kill the kobold!
Qazlal accepts your kill.
You see here a +0 short sword.
e - 2 scrolls of fear (gained 1)
Found 14 gold pieces.
Found 19 stones.
Found an escape hatch in the floor.
You now have 60 gold pieces (gained 14).
There is an escape hatch in the floor here.
A quokka comes into view.
The quokka bites you but does no damage.
You hit the quokka.
The quokka is severely wounded.
The quokka closely misses you.
You hit the quokka.
You kill the quokka!
Qazlal accepts your kill.
You see here a quokka corpse.
An adder comes into view. 2 centaurs come into view.
Found a manual of Summonings.
The centaur shouts!
The adder hisses angrily.
The centaur wields a +0 shortbow.
The centaur shoots an arrow.
The arrow hits you!
Ouch! That really hurt!
You hit the adder.
The adder is moderately wounded.
The centaur shoots an arrow.
The arrow misses you. The adder bites you.
The centaur shoots an arrow.
The arrow hits you.
* * * LOW HITPOINT WARNING * * *
The centaur wields a +0 shortbow.
The centaur shoots an arrow.
The arrow closely misses you.
As you read the scroll of fear, it crumbles to dust.
You assume a fearsome visage.
The centaur looks frightened! x2
The adder looks frightened!
The centaur begs for mercy.
The centaur shoots an arrow.
The arrow hits you.
* * * LOW HITPOINT WARNING * * *
The centaur shoots an arrow.
The arrow hits you!
You die...

#..............#
#########......#
#...>........#
####.##......#
#.##......#
#.##(.....#
#.######### #.##
##@.######.#
#..........#
#...##c##..#
#..##...# #
#..#.#...#
##...#:#... #.#
..#c#.. #.#
..c##.## #.. #.#
.


You could see a centaur.

Vanquished Creatures
  An adder (D:4)
  A ball python (D:4)
  A quokka (D:4)
  A kobold (D:4)
4 creatures vanquished.

Notes
Turn   | Place    | Note
-------+----------+-------------------------------------------
     0 | D:5      | cbfl8 the Minotaur Delver began the quest for the Orb.
     0 | D:5      | Reached XP level 1. HP: 19/19 MP: 0/0
    44 | D:5      | Found a stormy altar of Qazlal.
    67 | D:5      | Became a worshipper of Qazlal Stormbringer
   144 | D:4      | Reached XP level 2. HP: 25/27 MP: 1/1
   328 | D:4      | Noticed a centaur
   328 | D:4      | Noticed a centaur
   336 | D:4      | Shot with an arrow by a centaur

Illustrated notes

Levels and vault maps discovered:
D:4:      layout_basic, mainiacjoe_overflow_paths, minmay_manual_mares,
          uniq_pikel
D:5:      layout_cave_pods, mainiacjoe_overflow_concentric_impassable

Action                   || total
-------------------------++-------
Melee: Hand axe          ||    10
  Use: Scroll            ||     2
Armor: Ring mail         ||     1
Dodge: Dodged            ||     9
